 Dungeon Crawl Stone Soup version 0.21-a0-178-g0b87683 (webtiles) character file.

49 Dfrag the Firebug (level 3, 16/24 HPs)
             Began as a Demonspawn Fire Elementalist on Aug 9, 2017.
             Quit the game on level 1 of the Dungeon.
             The game lasted 00:01:55 (943 turns).

Dfrag the Firebug (Demonspawn Fire Elementalist)     Turns: 943, Time: 00:01:55

Health: 16/24      AC: 12    Str:  8    XL:     3   Next: 51%
Magic:  1/6        EV: 19    Int: 17    God:
Gold:   49         SH:  0    Dex: 13    Spells: 6/7 levels left

rFire    . . .     SeeInvis .   (weapon currently unavailable)
rCold    . . .     Gourm    .   (shield currently unavailable)
rNeg     + + +     Faith    .   (armour currently unavailable)
rPois    +         Spirit   .   (helmet currently unavailable)
rElec    .         Reflect  .   (cloak currently unavailable)
rCorr    .         Harm     .   (gloves currently unavailable)
MR       .....                  (boots currently unavailable)
Stlth    ++........             (no amulet)
HPRegen  0.08/turn              (no ring)
MPRegen  0.10/turn              (no ring)

@: fungus-form
A: demonic guardian 1
a: no special abilities


You were on level 1 of the Dungeon.
You were hungry.
You were a sentient fungus.
You visited 1 branch of the dungeon, and saw 2 of its levels.

You collected 49 gold pieces.

Inventory:

Hand Weapons
 d - a +0 club (melded)
Armour
 a - a +0 robe (melded)
Wands
 n - a wand of polymorph (7/24)
Scrolls
 e - a scroll of remove curse {unknown}
 h - a scroll of teleportation {unknown}
 i - 2 scrolls of enchant weapon {unknown}
 j - a scroll of fog {unknown}
 k - a scroll of immolation {unknown}
Potions
 f - a potion of lignification {unknown}
 m - a potion of heal wounds {unknown}
Books
 b - a book of Flames

   Spells                             Type                      Level
   a - Flame Tongue                   Conjuration/Fire             1
   b - Throw Flame                    Conjuration/Fire             2
   c - Conjure Flame                  Conjuration/Fire             3
   d - Inner Flame                    Hexes/Fire                   3
   e - Sticky Flame                   Conjuration/Fire             4
   f - Fireball                       Conjuration/Fire             5
Comestibles
 c - a bread ration
 g - a royal jelly
 l - a meat ration


   Skills:
 - Level 1.7 Dodging
 - Level 1.7 Stealth
 + Level 2.5 Spellcasting
 + Level 2.2 Conjurations
 + Level 3.2 Fire Magic


You had 6 spell levels left.
You knew the following spells:

 Your Spells              Type           Power        Failure   Level  Hunger
a - Flame Tongue          Conj/Fire      ##...        6%          1    #......


Dungeon Overview and Level Annotations

Branches:
Dungeon (2/15)

Altars:

Annotations:
D:2 Natasha


Innate Abilities, Weirdness & Mutations

((You are partially covered in molten scales. (AC +2)))
A weak demonic guardian rushes to your aid.


Message History

Terence is severely wounded.
Terence closely misses you.
Terence zaps a wand.
You turn into a sentient fungus.
Your +0 club melds into your body.
Your +0 robe melds into your body.
You're too terrified to move while being watched!
You're too terrified to move while being watched!
You're too terrified to move while being watched!
You release spores at Terence!
You kill Terence!
You have reached level 3!
Your experience leads to an increase in your attributes!
Increase (S)trength, (I)ntelligence, or (D)exterity?
You feel clever.
Your demonic ancestry asserts itself...
You feel the presence of a demonic guardian.
You release spores at the frilled lizard.
You kill the frilled lizard!
n - a wand of polymorph (?/24) {zapped: 3}
Items here: )) [ †† a short sword; a chain mail; a club; a frilled lizard corpse; a goblin corpse Are you sure you want to abandon this character and quit the game? (Confirm with "yes".)

.....'....#....#...............##
.....##...#....'.......###.#....#
......#...#....#.#####.# #.#.#.##
####......#....#.# #.# #...#.#
.....(....#....#.#####.#######.##
'##.......#....#................#
..........############.##########
.........)# #.......# ....#..##(#
#f####### ....#÷..#.######.#
.....)...........#
...##÷#..........#
...##.##.........#
......##.).......#
...######>.......# ...#
#........# #### #........#


There were no monsters in sight!

Vanquished Creatures
  Terence (D:1)
  2 giant cockroaches (D:1)
  7 goblins
  2 hobgoblins (D:1)
  A jackal (D:1)
  2 kobolds (D:1)
  2 bats (D:1)
  4 frilled lizards
  A rat (D:1)
22 creatures vanquished.

Vanquished Creatures (others)
  4 toadstools (D:1)
4 creatures vanquished.

Grand Total: 26 creatures vanquished

Notes
Turn   | Place    | Note
-------+----------+-------------------------------------------
     0 | D:1      | Dfrag the Demonspawn Fire Elementalist began the quest for the Orb.
     0 | D:1      | Reached XP level 1. HP: 13/13 MP: 3/3
   223 | D:1      | Gained mutation: You are partially covered in molten scales. (AC +2) [demonic ancestry]
   223 | D:1      | Reached XP level 2. HP: 17/19 MP: 3/5
   234 | D:1      | Reached skill level 3 in Fire Magic
   637 | D:2      | Noticed Natasha
   642 | D:2      | Noticed Terence
   939 | D:1      | Killed Terence
   939 | D:1      | Gained mutation: A weak demonic guardian rushes to your aid. [demonic ancestry]
   939 | D:1      | Reached XP level 3. HP: 16/24 MP: 0/6
   943 | D:1      | Quit the game

Vault maps used:
D:1:      ldierk_walled_garden_2, minmay_tiny_reverse_x
D:2:      lemuel_doored_altar, uniq_natasha, uniq_terence

Skill      XL: |  1  2 |
---------------+-------+-----
Fire Magic     | 3 |  3.2
Conjurations   | 2 |  2.2
Dodging        | |  1.7
Stealth        | |  1.7
Spellcasting   | |  2.5

Action                   || total
-------------------------++-------
Melee: Club              ||    25
       Unarmed           ||     4
 Cast: Flame Tongue      ||    33
Armor: Robe              ||    18
Dodge: Dodged            ||    51
